 Seeded DCSS version 0.29.1-1-gd02db6906a (webtiles) character file.

Game seed: 3204461630680759211 (custom seed)

5007 GigaChad the Fighter (level 10, -7/101 HPs)
             Began as a Minotaur Fighter on Oct 5, 2022.
             Was a Believer of Ashenzari.
             Killed from afar by an electric eel (17 damage)
             ... with a bolt of electricity
             ... on level 7 of the Dungeon.
             The game lasted 00:21:24 (9217 turns).

GigaChad the Fighter (Minotaur Fighter)             Turns: 9217, Time: 00:21:25

Health: -7/101     AC: 18    Str: 24    XL:     10   Next: 29%
Magic:  9/9        EV: 10    Int:  7    God:    Ashenzari [**....]
Gold:   417        SH:  5    Dex: 12    Spells: 9/9 levels left

rFire   . . .      SeeInvis +   l - +6 eveningstar (protect)
rCold   . . .      Faith    .   c - +0 buckler of Ashenzari's Visionary {Self, Melee} (curse)
rNeg    . . .      Spirit   .   g - +0 plate armour of the Manifest Adversity {Melee, Fort} (curse)
rPois   .          Reflect  .   (helmet restricted)
rElec   .          Harm     .   H - +0 cloak "Omniscient Vision" {Cun, Self} (curse)
rCorr   .          Rampage  .   n - +0 pair of gloves "Cursed Secrets" {Dex+3, Evo, Elem} (curse)
Will    .....                   (no boots)
Stlth   ..........              (no amulet)
HPRegen 0.26/turn               (no ring)
MPRegen 0.11/turn               (no ring)

@: no status effects
A: horns 2, retaliatory headbutt
a: Renounce Religion, Curse Item, Shatter the Chains


You were on level 7 of the Dungeon.
You worshipped Ashenzari.
Ashenzari was pleased with you.
You visited 1 branch of the dungeon, and saw 7 of its levels.
You also visited: Sewer.

You collected 1077 gold pieces.
You spent 660 gold pieces at shops.

Inventory:

Hand Weapons
 a - a +0 vampiric long sword
 l - a +6 eveningstar of protection (weapon)
 s - a +4 flail of venom
 y - a +0 whip of flaming
 G - a +2 quarterstaff of chaos
Missiles
 m - 36 poisoned darts (quivered)
Armour
 b - a +0 scale mail
 c - the cursed +0 buckler of Ashenzari's Visionary (worn) {Self, Melee}

   It has a curse which improves the following skills: Introspection: Fighting
   and Spellcasting.
   Melee Combat: Short Blades, Long Blades, Axes, Maces & Flails, Polearms,
   Staves and Unarmed Combat.
 g - the cursed +0 plate armour of the Manifest Adversity (worn) {Melee, Fort}
   (You found it on level 1 of the Dungeon)

   It has a curse which improves the following skills: Melee Combat: Short
   Blades, Long Blades, Axes, Maces & Flails, Polearms, Staves and Unarmed
   Combat.
   Fortitude: Armour and Shields.
 n - the cursed +0 pair of gloves "Cursed Secrets" (worn) {Dex+3, Evo, Elem}
   (You acquired it on level 2 of the Dungeon)

   Dex:       It affects your dexterity (+3).
   It has a curse which improves the following skills: Evocations: Evocations.
   Elements:  Fire Magic, Ice Magic, Air Magic and Earth Magic.
 x - a +0 chain mail of willpower
 B - an orb of light
 H - the cursed +0 cloak "Omniscient Vision" (worn) {Cun, Self}
   (You took it off Crazy Yiuf on level 6 of the Dungeon)

   It has a curse which improves the following skills: Cunning: Dodging and
   Stealth.
   Introspection: Fighting and Spellcasting.
Jewellery
 J - a ring of see invisible
Wands
 v - a wand of mindburst (2)
 E - a wand of polymorph (7)
Scrolls
 h - 5 scrolls of amnesia
 p - 2 scrolls of immolation
 r - a scroll of fear
 u - 8 scrolls of identify
 z - a scroll of torment
 C - a scroll of blinking
 F - a scroll of poison
Potions
 d - 3 potions of might
 e - a potion of ambrosia
 f - a potion of magic
 i - 4 potions of brilliance
 j - 2 potions of attraction
 k - 5 potions of curing
 o - a potion of lignification
 t - 2 potions of flight
 w - 4 potions of haste
 A - a potion of heal wounds
 D - 3 potions of mutation
 I - a potion of resistance
Miscellaneous
 q - a lightning rod (4/4)


   Skills:
 - Level 11.4(13.3) Fighting
 - Level 3.4(5.1) Long Blades
 - Level 0.2(0.6) Maces & Flails
 - Level 11.0(12.2) Armour
 + Level 8.8(10.0) Dodging
 - Level 0.7(1.3) Stealth
 - Level 4.3(5.5) Shields


You had 9 spell levels left.
You didn't know any spells.
Your spell library contained the following spells:

 Spells                   Type           Power      Damage    Failure   Level
 Freeze                   Ice            0%         1d3       99%         1
 Static Discharge         Conj/Air       0%         3-3/arc   100%        2
 Confusing Touch          Hex            0%         N/A       100%        3
 Ignite Poison            Fire/Tmut/Pois 0%         N/A       100%        3
 Lesser Beckoning         Tloc           0%         N/A       100%        3
 Mephitic Cloud           Conj/Pois/Air  0%         N/A       100%        3
 Ozocubu's Armour         Ice            0%         N/A       100%        3
 Freezing Cloud           Conj/Ice/Air   0%         6-21      100%        5
 Lightning Bolt           Conj/Air       0%         1d11      100%        5
 Manifold Assault         Tloc           0%         N/A       100%        5
 Metabolic Englaciation   Hex/Ice        0%         N/A       100%        5
 Yara's Violent Unravell  Hex/Tmut       0%         3d3       100%        5
 Simulacrum               Ice/Necr       0%         N/A       100%        6
 Enfeeble                 Hex            0%         N/A       100%        7
 Disjunction              Tloc           0%         N/A       100%        8
 Maxwell's Capacitive Co  Air            0%         ∞         100%        8


Dungeon Overview and Level Annotations

Branches:
Dungeon (7/15)              Sewer (visited)
 Temple: D:4-7

Altars:
Ashenzari
Hepliaklqana
Kikubaaqudgha
Wu Jian

Shops:
D:2 (   D:5 [


Innate Abilities, Weirdness & Mutations

You have a pair of horns on your head.
You reflexively headbutt those who attack you in melee.


Message History

The bolt of electricity hits you!
* * * LOW HITPOINT WARNING * * *
The bolt of electricity hits you but does no damage.
The bolt of electricity hits the electric eel.
The electric eel completely resists.
The bolt of electricity hits the plant!
You hit the electric eel.
The electric eel is almost dead.
An electric eel comes into view.
The electric eel shoots out a bolt of lightning at you!
The bolt of electricity hits you.
* * * LOW HITPOINT WARNING * * *
The bolt of electricity hits you.
* * * LOW HITPOINT WARNING * * *
The bolt of electricity hits the electric eel.
The electric eel completely resists.
The bolt of electricity hits the plant!
The electric eel moves out of view.
You impale the electric eel!!
You kill the electric eel!
You hear a splash.
A nearby plant withers and dies.
You start resting.
An electric eel is nearby!
An electric eel is nearby!
Unknown command.
An electric eel is nearby!
An electric eel is nearby!
The electric eel shoots out a bolt of lightning at you!
The bolt of electricity hits you.
* * * LOW HITPOINT WARNING * * *
The electric eel shoots out a bolt of lightning at you!
The bolt of electricity hits the plant!!
The plant begins to die.
The bolt of electricity hits you.
* * * LOW HITPOINT WARNING * * *
The electric eel shoots out a bolt of lightning at you!
The bolt of electricity hits you.
* * * LOW HITPOINT WARNING * * *
A nearby plant withers and dies.
The electric eel shoots out a bolt of lightning at you!
The bolt of electricity hits you!
You die...

#P~~~♣...>..#...#
##~~♣......##....
##♣#....####....
##<#.####....
##.#.........
###..#######...
##....# *.....#
###.....# ......
#@..~~.P## ......
#.#P~~.~~## ......
#.~~~~.†~~# ......
#.~~P~.~P~~###....
#.♣~~P.~P~~# # ##.
#.~~~~.~~~♣# ##
#.♣~~~.~P~♣ ####
#..~♣~.SP~~# #...
##.~♣P.~~♣## ..#


You could see an electric eel.

Vanquished Creatures
  Pikel (D:4)
  A troll (D:7)
  Prince Ribbit (D:6)
  A slime creature (D:7)
  Sigmund (D:6)
  5 yaks (D:7)
  Eustachio (D:6)
  Menkaure (D:6)
  Edmund (D:5)
  A water moccasin (D:6)
  An orc warrior (D:7)
  3 ice beasts
  A black bear (D:4)
  2 centaurs
  A lemure (D:4)
  5 kobold brigands
  Blork the orc (D:6)
  A scorpion (D:4)
  4 killer bees (D:7)
  2 electric eels (D:7)
  4 hounds
  4 jellies
  3 orc priests
  Crazy Yiuf (D:6)
  8 iguanas
  3 orc wizards
  Natasha (thrice) (D:4)
  7 river rats
  18 adders
  A shadow imp (D:5)
  4 white imps
  An ufetubus (D:4)
  6 worms
  A dart slug (D:1)
  20 orcs
  8 ball pythons
  7 endoplasms
  3 giant cockroaches
  4 hobgoblins
  12 jackals
  4 quokkas
  8 bats
  A frilled lizard (D:1)
  4 goblins
  19 kobolds
  8 rats
  A spectral orc (D:6)
198 creatures vanquished.

Vanquished Creatures (collateral kills)
  A phantom (D:5)
  An orc wizard (D:5)
  A white imp (D:5)
  3 orcs (D:5)
6 creatures vanquished.

Vanquished Creatures (others)
  3 demonic plants (D:5)
  4 fungi (D:6)
  5 plants (D:7)
12 creatures vanquished.

Grand Total: 216 creatures vanquished

Notes
Turn   | Place    | Note
-------+----------+-------------------------------------------
     0 | D:1      | GigaChad the Minotaur Fighter began the quest for the Orb.
     0 | D:1      | Reached XP level 1. HP: 19/19 MP: 0/0
   293 | D:1      | Reached XP level 2. HP: 27/27 MP: 1/1
   700 | D:2      | Reached XP level 3. HP: 33/33 MP: 2/2
   805 | D:2      | Identified a scroll of acquirement
   805 | D:2      | Acquired 797 gold pieces
   822 | D:2      | Found Tucixim's Weapon Shop.
   863 | D:2      | Bought a +6 eveningstar of protection for 500 gold pieces
  1475 | D:2      | Acquired the +0 pair of gloves of Cyrchyac {Dex+3}
  1563 | D:3      | Reached XP level 4. HP: 36/40 MP: 3/3
  1781 | D:3      | Got the Excursus on Quantum Ice
  2280 | D:3      | Found an ancient bone altar of Kikubaaqudgha.
  2371 | D:3      | Found a faded altar of an unknown god.
  2566 | D:4      | Noticed a black bear
  2575 | D:4      | Killed a black bear
  2576 | D:4      | Reached skill level 5 in Fighting
  2576 | D:4      | Reached XP level 5. HP: 32/50 MP: 4/4
  2613 | D:4      | Noticed Natasha
  2622 | D:4      | Killed Natasha
  2715 | D:4      | Found a broken altar of Ashenzari.
  2724 | D:4      | Became a worshipper of Ashenzari the Shackled
  2760 | D:4      | Noticed a lemure
  2761 | D:4      | Noticed Pikel
  2761 | D:4      | Noticed a lemure
  2769 | D:4      | Noticed a lemure
  2771 | D:4      | Noticed a lemure
  2783 | D:4      | Killed a lemure
  2784 | D:4      | Killed Pikel
  2785 | D:4      | Reached XP level 6. HP: 12/64 MP: 5/5
  2785 | D:4      | Reached XP level 7. HP: 14/70 MP: 6/6
  3138 | D:4      | Found a glowing drain.
  3149 | D:4      | Noticed Natasha
  3156 | D:4      | Reached skill level 10 in Fighting
  3159 | D:4      | Killed Natasha
  3167 | Sewer    | Entered a sewer
  3462 | Sewer    | Reached XP level 8. HP: 81/81 MP: 7/7
  4004 | D:4      | Noticed Natasha
  4008 | D:4      | Killed Natasha
  4027 | D:5      | Entered Level 5 of the Dungeon
  4094 | D:5      | Reached skill level 5 in Armour
  4174 | D:5      | Noticed Edmund
  4182 | D:5      | Killed Edmund
  4361 | D:5      | Reached * piety under Ashenzari
  4632 | D:5      | Found Xyakalef's Armour Shop.
  4658 | D:5      | Bought an orb of light for 160 gold pieces
  5531 | D:6      | Noticed Eustachio
  5536 | D:6      | Killed Eustachio
  5555 | D:6      | Reached XP level 9. HP: 72/89 MP: 8/8
  5574 | D:6      | Reached ** piety under Ashenzari
  5914 | D:6      | Found a hazy altar of Hepliaklqana.
  6110 | D:6      | Noticed Menkaure
  6111 | D:6      | Noticed Blork the orc
  6730 | D:6      | Killed Menkaure
  6731 | D:6      | Reached skill level 10 in Armour
  6898 | D:6      | Killed Blork the orc
  7444 | D:6      | Noticed Prince Ribbit
  7459 | D:6      | Killed Prince Ribbit
  7581 | D:6      | Reached skill level 1 in Dodging
  7603 | D:6      | Found a runed translucent door.
  7604 | D:6      | Noticed Crazy Yiuf
  8032 | D:6      | Found an ornate altar of the Wu Jian Council.
  8046 | D:6      | Noticed Sigmund
  8052 | D:6      | Killed Sigmund
  8158 | D:6      | Killed Crazy Yiuf
  8318 | D:7      | Reached skill level 5 in Dodging
  8662 | D:7      | Noticed a troll
  8687 | D:7      | Reached XP level 10. HP: 65/101 MP: 9/9
  9217 | D:7      | Killed from afar by an electric eel

Illustrated notes

Levels and vault maps discovered:
D:1:      eino_arrival_cavern_c, layout_basic
D:2:      layout_basic, serial_shops, nicolae_shop_bloodbath_and_beyond
D:3:      layout_basic, lemuel_tele_altar, mainiacjoe_overflow_alcove_4,
          hellmonk_ecumenical_altar_lost_god
D:4:      layout_cave_pools, old_standard_altar, cheibrodos_sewer_entry_sluice,
          uniq_pikel, uniq_natasha
D:5:      layout_layer_cave, serial_demonic, serial_demonic_e, serial_demonic_c,
          serial_demonic_e, serial_demonic_g, serial_shops,
          nicolae_lakefront_shop, uniq_edmund
D:6:      layout_loops_corners, nzn_wu_jian_council_hall,
          nicolae_hepliaklqana_monster_ancestors, minmay_door_square,
          uniq_eustachio, uniq_sigmund, uniq_blork_the_orc, uniq_menkaure,
          uniq_prince_ribbit1, uniq_crazy_yiuf_cottage
D:7:      hangedman_cross_stitches, layout_loops_cross, marbit_many_paths,
          nicolae_dithmenos_shadow_blocks, minmay_temple_entry_butterflies,
          serial_bayou, serial_bayou_lagoon_b, serial_bayou_pond_c,
          serial_bayou_lagoon_a, serial_bayou_pond_a, serial_bayou_ford_a

Skill      XL: |  1  2  3  4  5  6  7  8  9 10 |
---------------+-------------------------------+-----
Armour         | 4 9 11 | 11.0
Shields        | 4 |  4.3
Long Blades    | 3 |  3.4
Fighting       | 5 9 10 11 | 11.4
Dodging        | 6 8 |  8.8
Maces & Flails | |  0.2
Stealth        | |  0.7

Action                   |  1- 3 |  4- 6 |  7- 9 | 10-12 || total
-------------------------+-------+-------+-------+-------++-------
Melee: Long sword        |    68 |       |       |       ||    68
       Headbutt          |     8 |     4 |    41 |     5 ||    58
       Eveningstar       |    16 |    52 |   241 |    48 ||   357
Throw: Dart              |       |       |       |     2 ||     2
Invok: Curse Item        |       |       |     4 |       ||     4
  Use: Scroll            |     4 |       |     7 |       ||    11
Armor: Scale mail        |     5 |       |       |       ||     5
       Plate armour      |    85 |    66 |   234 |    37 ||   422
Dodge: Dodged            |    37 |    36 |   126 |    33 ||   232
Block: Buckler           |    23 |    20 |    71 |    11 ||   125
